 Dungeon Crawl Stone Soup version 0.31.0-11-ge490571c62 (webtiles) character file.

Game seed: 11705227659809903538

91 qw the Shooter (level 4, -2/25 HPs)
             Began as a Deep Elf Hunter on Feb 4, 2024.
             Killed by divine providence
             ... invoked by an orc priest
              (13 damage)
             ... on level 3 of the Dungeon.
             The game lasted 00:00:26 (1464 turns).

qw the Shooter (Deep Elf Hunter)                    Turns: 1464, Time: 00:00:27

Health: -2/25      AC:  6    Str: 10    XL:     4   Next: 33%
Magic:  6/6        EV: 11    Int: 14    God:
Gold:   166        SH:  0    Dex: 18    Spells: 3/3 levels left

rFire   . . .        a - +0 shortbow
rCold   . . .        (shield currently unavailable)
rNeg    . . .        d - +0 ring mail
rPois   .            f - +0 helmet
rElec   .            (no cloak)
rCorr   .            (no gloves)
SInv    .            (no boots)
Will    .....        h - amulet of regeneration
Stlth   +            (no ring)
HPRegen 1.04/turn    (no ring)
MPRegen 0.10/turn

%: no passive effects
@: no status effects
A: no striking features
a: no special abilities


You were on level 3 of the Dungeon.
You visited 1 branch of the dungeon, and saw 3 of its levels.

You collected 166 gold pieces.


   Skills:
 - Level 1.5 Fighting
 + Level 7.7 Ranged Weapons
 - Level 2.4 Dodging
 - Level 1.2 Stealth


You had 3 spell levels left.
You didn't know any spells.
Your spell library was empty.

Inventory:

Hand Weapons
 a - a +0 shortbow (weapon)
Armour
 d - a +0 ring mail (worn)
 f - a +0 helmet (worn)
 i - a +1 helmet
Jewellery
 h - an amulet of regeneration (around neck)
Scrolls
 b - a scroll of identify
 e - a scroll of teleportation
Potions
 c - 2 potions of might
 g - a potion of haste
 j - 2 potions of lignification {unknown}

Dungeon Overview and Level Annotations

Branches:
Dungeon (3/15)

Altars:


Message History

You shoot an arrow. The arrow hits the adder!
You kill the adder!
You feel sick.
You start resting.
You feel sick. x6
You are no longer poisoned.
HP restored.
You see here an adder corpse.
An orc comes into view. It is wielding a +0 hand axe.
You shoot an arrow. The arrow hits the orc!
You kill the orc!
An orc comes into view. It is wielding a +0 club.
You shoot an arrow. The arrow hits the orc.
The orc shouts!
The orc is moderately wounded.
An orc wizard comes into view. It is wielding a +0 dagger.
An orc priest comes into view. It is wielding a +0 dagger.
You shoot an arrow. The arrow closely misses the orc.
The orc priest shouts!
The orc wizard shouts!
You shoot an arrow. The arrow completely misses the orc.
A ribbon worm comes into view.
You shoot an arrow.
The arrow hits the orc wizard but does no damage.
You shoot an arrow.
The arrow hits the orc wizard but does no damage.
You shoot an arrow. The arrow barely misses the orc wizard.
The arrow closely misses the orc.
The arrow hits the orc priest but does no damage.
The orc wizard hits you but does no damage.
The orc priest mumbles some strange prayers to Beogh against you.
Beogh smites you!
Ouch! That really hurt!
The orc wizard closely misses you.
You shoot an arrow. The arrow hits the orc wizard.
The orc wizard is moderately wounded.
The orc wizard misses you.
The orc priest invokes the aid of Beogh against you.
Beogh smites you!
Ouch! That really hurt!
You die...

. #############
....########..........%.
..)wooo@.....##########.
....############### #. .
###.........# #.
#.....#####.# #.
.######%###.# #.# #.
........# #.# #.# #.
.######.###<# #[## #.
#.....# #..# #. ###.#.#
##.####.


You could see a ribbon worm, an orc priest, an orc wizard and an orc.

Vanquished Creatures
  5 adders
  2 dart slugs
  2 ribbon worms
  An orc (D:3)
  2 ball pythons (D:1)
  6 bats
  3 endoplasms
  A giant cockroach (D:2)
  2 goblins (D:1)
  5 hobgoblins
  3 kobolds
  2 quokkas
  2 frilled lizards (D:1)
36 creatures vanquished.

Notes
Turn   | Place    | Note
-------+----------+-------------------------------------------
     0 | D:1      | qw the Deep Elf Hunter began the quest for the Orb.
     0 | D:1      | Reached XP level 1. HP: 12/12 MP: 3/3
     0 | D:1      | 0 ||| qw: Version: 0.3-a-160-g6735b56
     0 | D:1      | 0 ||| qw: Game counter: 5797
     0 | D:1      | 0 ||| qw: Melee chars always use a shield: true
     0 | D:1      | 0 ||| qw: God list: Okawaru
     0 | D:1      | 0 ||| qw: Allow faded altars: false
     0 | D:1      | 0 ||| qw: Do Orc after clearing Dungeon:15 true
     0 | D:1      | 0 ||| qw: Do second Lair branch before Depths: true
     0 | D:1      | 0 ||| qw: Lair rune preference: random
     0 | D:1      | 0 ||| qw: Goals: Normal
     0 | D:1      | 0 ||| PLANNING D:1-11
   149 | D:1      | Reached skill level 6 in Ranged Weapons
   149 | D:1      | Reached XP level 2. HP: 10/16 MP: 4/4
   769 | D:1      | 769 ||| UPGRADING to +0 ring mail.
   779 | D:1      | 779 ||| DROPPING +0 leather armour.
   780 | D:1      | 780 ||| UPGRADING to +0 helmet.
   785 | D:1      | 785 ||| READING scroll labelled PAEMUNK WUEWU.
   813 | D:1      | 813 ||| READING scroll labelled KYSOKHL KISKYI.
   818 | D:1      | 818 ||| READING scroll labelled YROHOG OBLOY.
   818 | D:1      | 818 ||| IDENTIFYING fuming golden potion
   819 | D:1      | 819 ||| DROPPING scroll of butterflies.
   912 | D:2      | Reached XP level 3. HP: 20/20 MP: 5/5
   995 | D:2      | HP: 3/20 [ribbon worm (6)]
  1171 | D:2      | Found a faded altar of an unknown god.
  1182 | D:2      | Reached skill level 7 in Ranged Weapons
  1277 | D:2      | Reached XP level 4. HP: 25/25 MP: 6/6
  1323 | D:2      | 1323 ||| UPGRADING to amulet of regeneration.
  1328 | D:2      | 1328 ||| READING 3 scrolls of identify.
  1328 | D:2      | 1328 ||| IDENTIFYING bubbling pink potion
  1329 | D:2      | 1329 ||| READING 2 scrolls of identify.
  1329 | D:2      | 1329 ||| IDENTIFYING 2 fuming emerald potions
  1330 | D:2      | 1330 ||| DROPPING potion of attraction.
  1464 | D:3      | Killed from afar by an orc priest

Levels and vault maps discovered:
D:1:      tarquinn_simple_flora_water_b, layout_loops_corners,
          minmay_misc_feat_roman
D:2:      layout_rooms, ebering_ecumenical_altar_rust
D:3:      layout_loops_ring, lemuel_doored_altar, minmay_strange_pillars

Skill      XL: |  1  2  3 |
---------------+----------+-----
Ranged Weapons | 6 7 |  7.7
Fighting       | |  1.5
Dodging        | |  2.4
Stealth        | |  1.2

Action                     |  1- 3 |  4- 6 || total
---------------------------+-------+-------++-------
   Fire: Shortbow          |    99 |    31 ||   130
    Use: Scroll            |     3 |     2 ||     5
 Armour: Leather armour    |    15 |       ||    15
         Ring mail         |    19 |    13 ||    32
  Dodge: Dodged            |    32 |    10 ||    42

Table legend:
 A = Non-vault XP
 B = Vault XP
 C = Vault XP percentage of total XP
 D = Non-vault monster count
 E = Vault monster count
 F = Vault count percentage of total count
                 A         B        C        D         E       F
            +---------+---------+-------+---------+---------+-------
      Total |     130 |       0 |   0.0 |      36 |       0 |   0.0
            +---------+---------+-------+---------+---------+-------
        D:1 |      34 |       0 |   0.0 |      18 |       0 |   0.0
        D:2 |      74 |       0 |   0.0 |      14 |       0 |   0.0
        D:3 |      22 |       0 |   0.0 |       4 |       0 |   0.0
            +---------+---------+-------+---------+---------+-------
